cohdb
Replays
Latest Replays
All Replays
Popular Replays
Top Player Replays
Match Explorer
How It Works
Community
CoH3 Stats
Reddit
Sign in to upload your games and track your stats! →
Sign in with Steam
Match 45513389
Unlisted
Match 45513389
Overview
Messages
Build Orders
End
Selects Italian Combined Arms Battlegroup
Selects Bersaglieri Squad
Bersaglieri Squad
250 Light Carrier
Bersaglieri Squad
Construct Light Support Kompanie
Combat Half-tracks
Selects Bersaglieri Bolster
Bersaglieri Squad
2.5-tonne Medical Truck
Fire Support Elements
Panzerjäger Mechanized Group
Pak 38 Anti-tank Gun Team
Pak 38 Anti-tank Gun Team
Selects Breda Model 30 Light Machine Guns
Bersaglieri Squad
Selects Semovente da 75/18 Assault Gun
Pak 38 Mechanized Group
Selects Strafing Run
Construct Panzerarmee Kommand
Strafing Run
Panzer III L Medium Tank
Bersaglieri Squad
Achilles Gaming @ YouTube
[USCF] Asmoke
DJ-DeepN
P o o y a
Kappablanca
Lost Scureed
Muffin Man
Dark Lord Cthulhu
0
0
Comments
sign in to comment!
No comments posted yet!